 Dungeon Crawl Stone Soup version 0.31-a0-202-g547052bce9 (webtiles) character file.

Game seed: 17309517059860671912

142 qw the Skirmisher (level 5, -1/29 HPs)
             Began as a Deep Elf Hunter on June 26, 2023.
             Slain by an ogre
             ... wielding a +0 giant club
              (14 damage)
             ... on level 4 of the Dungeon.
             The game lasted 00:00:55 (2683 turns).

qw the Skirmisher (Deep Elf Hunter)                 Turns: 2683, Time: 00:00:56

Health: -1/29      AC:  5    Str: 10    XL:     5   Next: 3%
Magic:  7/7        EV: 11    Int: 14    God:
Gold:   103        SH:  0    Dex: 18    Spells: 4/4 levels left

rFire   . . .        Y - +1 shortbow
rCold   . . .        (shield currently unavailable)
rNeg    . . .        g - +0 ring mail
rPois   .            (no helmet)
rElec   .            (no cloak)
rCorr   .            (no gloves)
SInv    .            (no boots)
Will    .....        (no amulet)
Stlth   +            (no ring)
HPRegen 0.24/turn    (no ring)
MPRegen 0.10/turn

%: no passive effects
@: no status effects
A: no striking features
a: no special abilities


You were on level 4 of the Dungeon.
You visited 1 branch of the dungeon, and saw 4 of its levels.

You collected 181 gold pieces.
You spent 78 gold pieces at shops.


   Skills:
 - Level 1.5 Fighting
 + Level 8.4 Ranged Weapons
 - Level 2.4 Dodging
 - Level 1.2 Stealth


You had 4 spell levels left.
You didn't know any spells.
Your spell library was empty.

Inventory:

Hand Weapons
 Y - a +1 shortbow (weapon)
Armour
 g - a +0 ring mail (worn)
Scrolls
 c - 2 scrolls of identify
Potions
 d - 3 potions of curing
 f - 2 potions of might
 h - 2 potions of enlightenment

Dungeon Overview and Level Annotations

Branches:
Dungeon (4/15)
 Temple: D:4-7

Altars:

Shops:
D:2 *

Annotations:
D:2 1 runed translucent door, Crazy Yiuf


Message History

You shoot an arrow. The arrow hits the hound.
The hound is heavily wounded.
The hound misses you.
You shoot an arrow. The arrow hits the hound.
The hound is almost dead.
The hound barely misses you. The hound misses you.
You shoot an arrow. The arrow barely misses the hound.
The hound closely misses you. The hound bites you but does no damage.
You shoot an arrow. The arrow hits the hound!
You kill the hound!
You hear a shout!
You have reached level 5!
You start resting.
An ogre comes into view. It is wielding a +0 giant club.
2629 ||| FLEEEEING.
2630 ||| FLEEEEING.
2631 ||| STILL FLEEEEING.
2632 ||| STILL FLEEEEING.
Enter note:
2633 ||| FLEEEEING.
2634 ||| FLEEEEING.
2635 ||| FLEEEEING.
2636 ||| FLEEEEING.
2637 ||| FLEEEEING.
There is a stone staircase leading up here.
2638 ||| STAIRDANCE You climb upwards.
There is a stone staircase leading down here.
You start resting.
HP restored.
Done exploring.
(D) Dungeon
Where to? (* - list waypoints, Enter - D:4, ? - help)
What level of the Dungeon? (default 1, ? - help)
You climb downwards.
The ogre hits you with a +0 giant club!
Ouch! That really hurt!
There is a stone staircase leading up here.
2683 ||| STAIRDANCE The ogre hits you with a +0 giant club!
You die...

...........####...##.###.#
................#[...# #.###
.....................# #...#
..######.............#####.#
..O)..%.......#...)...# #.#
.....................## #.####
......................# #.##.#
.?........####.O......####.##.#
..........####..@.............#
..........+......#########.##.#
..........##.....####.........#
..........##..........####.####
........##.#.#.#.#..####.#
.........#.......<.......#
.........###.#.......###.#
####.........#..###..# #.#
#.###..#####.# #..#####


You could see an ogre.

Vanquished Creatures
  A hound (D:4)
  Jessica (D:3)
  2 adders
  A dart slug (D:2)
  7 endoplasms
  3 giant cockroaches (D:1)
  5 goblins
  4 hobgoblins
  7 jackals
  8 kobolds
  6 ball pythons
  6 bats
  5 frilled lizards
  7 rats
63 creatures vanquished.

Notes
Turn   | Place    | Note
-------+----------+-------------------------------------------
     0 | D:1      | qw the Deep Elf Hunter began the quest for the Orb.
     0 | D:1      | Reached XP level 1. HP: 12/12 MP: 3/3
     0 | D:1      | 0 ||| qw: Version: 0.3-a-22-g0ed2b0b
     0 | D:1      | 0 ||| qw: Game counter: 5851
     0 | D:1      | 0 ||| qw: Melee chars always use a shield: true
     0 | D:1      | 0 ||| qw: God list: Okawaru
     0 | D:1      | 0 ||| qw: Allow faded altars: false
     0 | D:1      | 0 ||| qw: Do Orc after clearing Dungeon:15 true
     0 | D:1      | 0 ||| qw: Do second Lair branch before Depths: true
     0 | D:1      | 0 ||| qw: Lair rune preference: random
     0 | D:1      | 0 ||| qw: Goals: Normal
     0 | D:1      | 0 ||| PLANNING D:1-11
    87 | D:1      | Reached XP level 2. HP: 16/16 MP: 4/4
    88 | D:1      | Reached skill level 6 in Ranged Weapons
    89 | D:1      | HP: 2/16 [frozen (4)]
   573 | D:1      | Reached XP level 3. HP: 20/20 MP: 5/5
   739 | D:1      | 739 ||| UPGRADING to +0 ring mail.
   749 | D:1      | 749 ||| DROPPING +0 leather armour.
   750 | D:1      | 750 ||| DRINKING 3 blue potions.
   751 | D:1      | 751 ||| DRINKING 2 fuming orange potions.
   752 | D:1      | 752 ||| DRINKING 2 silvery potions.
   778 | D:1      | 778 ||| DROPPING scroll of butterflies.
   779 | D:1      | 779 ||| DROPPING potion of brilliance.
   780 | D:1      | 780 ||| DROPPING potion of lignification.
  1163 | D:2      | Reached skill level 7 in Ranged Weapons
  1185 | D:2      | Found Mioss's General Store.
  1194 | D:2      | 1194 ||| BUYING potion of might (52 gold).
  1194 | D:2      | Bought a potion of might for 52 gold pieces
  1194 | D:2      | 1194 ||| SHOPLISTING ring "Keof" {Wiz rElec Will- Dex+6}
                  | (681 gold, have 50).
  1194 | D:2      | 1194 ||| BUYING scroll of identify (26 gold).
  1194 | D:2      | Bought a scroll of identify for 26 gold pieces
  1194 | D:2      | 1194 ||| SHOPLISTING scroll of identify (26 gold, have 24).
  1211 | D:2      | Found a runed translucent door.
  1212 | D:2      | Noticed Crazy Yiuf
  1703 | D:2      | 1703 ||| READING scroll labelled BIOREI IL VEI.
  1704 | D:2      | 1704 ||| READING scroll labelled XIJUTZ FYOKK.
  1705 | D:2      | 1705 ||| READING scroll labelled VESHETR VOJOC.
  1706 | D:2      | 1706 ||| READING 2 scrolls of identify.
  1706 | D:2      | 1706 ||| IDENTIFYING grey potion
  1769 | D:3      | Reached XP level 4. HP: 25/25 MP: 6/6
  1797 | D:3      | Noticed Jessica
  1813 | D:3      | Killed Jessica
  1960 | D:3      | Reached skill level 8 in Ranged Weapons
  2416 | D:3      | Found a faded altar of an unknown god.
  2422 | D:3      | 2422 ||| READING scroll labelled ALIQOYCSIO.
  2423 | D:3      | 2423 ||| READING 3 scrolls of identify.
  2423 | D:3      | 2423 ||| IDENTIFYING fizzy orange potion
  2424 | D:3      | 2424 ||| READING 2 scrolls of identify.
  2424 | D:3      | 2424 ||| IDENTIFYING orange potion
  2425 | D:3      | 2425 ||| DROPPING potion of attraction.
  2426 | D:3      | 2426 ||| DROPPING potion of invisibility.
  2428 | D:3      | 2428 ||| Stepping ~*~*~tactically~*~*~ (cloud).
  2435 | D:3      | HP: 6/25 [poisoned by you (poison gas)]
  2624 | D:4      | Reached XP level 5. HP: 15/29 MP: 7/7
  2628 | D:4      | Noticed an ogre
  2629 | D:4      | 2629 ||| FLEEEEING.
  2630 | D:4      | 2630 ||| FLEEEEING.
  2633 | D:4      | 2633 ||| FLEEEEING.
  2634 | D:4      | 2634 ||| FLEEEEING.
  2635 | D:4      | 2635 ||| FLEEEEING.
  2636 | D:4      | 2636 ||| FLEEEEING.
  2637 | D:4      | 2637 ||| FLEEEEING.
  2638 | D:4      | 2638 ||| STAIRDANCE
  2683 | D:4      | 2683 ||| STAIRDANCE
  2683 | D:4      | Slain by an ogre

Levels and vault maps discovered:
D:1:      tarquinn_simple_flora_water_e, layout_loops_ring
D:2:      layout_basic, serial_shops, nicolae_shop_tiny_statue_garden,
          uniq_crazy_yiuf_cottage
D:3:      layout_loops_ring, ebering_ecumenical_altar_hall, uniq_jessica
D:4:      layout_basic, mainiacjoe_overflow_two_lobes

Skill      XL: |  1  2  3  4 |
---------------+-------------+-----
Ranged Weapons | 6 7 8 |  8.4
Fighting       | |  1.5
Dodging        | |  2.4
Stealth        | |  1.2

Action                     |  1- 3 |  4- 6 || total
---------------------------+-------+-------++-------
   Fire: Shortbow          |   126 |    48 ||   174
    Use: Scroll            |     4 |     3 ||     7
         Potion            |     3 |       ||     3
 Armour: Leather armour    |     2 |       ||     2
         Ring mail         |     4 |     3 ||     7
  Dodge: Dodged            |    17 |    16 ||    33

Table legend:
 A = Non-vault XP
 B = Vault XP
 C = Vault XP percentage of total XP
 D = Non-vault monster count
 E = Vault monster count
 F = Vault count percentage of total count
                 A         B        C        D         E       F
            +---------+---------+-------+---------+---------+-------
      Total |     166 |      37 |  18.2 |      62 |       1 |   1.6
            +---------+---------+-------+---------+---------+-------
        D:1 |      50 |       0 |   0.0 |      31 |       0 |   0.0
        D:2 |      43 |       0 |   0.0 |      18 |       0 |   0.0
        D:3 |      28 |      37 |  56.9 |      11 |       1 |   8.3
        D:4 |      45 |       0 |   0.0 |       2 |       0 |   0.0
            +---------+---------+-------+---------+---------+-------
